AoeStats
← decs0793

MegaRandom

510214211Analyzed
4v4 RM · 11h ago on Sep 30, 2026· 69m 4s· 8 players
Game mode
Random Map
Map size
Large (8 player)
Population
200
Speed
Normal
Resources
Standard
Victory
Conquest
Starting age
Dark Age
Ending age
Imperial Age
RankedLock teamsTeams togetherTeam positionsShared explorationLock speedFull tech treeHidden civsTurbo modeCheats
Victory
Defeat
🇲🇽 Mongols · Mexico
726
+10
🇲🇽 Maya · Mexico
715
+10
🇲🇽 Huns · Mexico
613
+14
🇵🇹 Koreans · Portugal
568
+15
🇮🇳 Teutons · India
601
-13
🇨🇳 Byzantines · China
599
-13
🇵🇪 Spanish · Peru
557
-12
🇺🇸 Saxons · United States
542
-11
hangover
0:37 Loom
10:54 Feudal Age
11:31 Horse Collar
11:40 Double-Bit Axe
20:06 Castle Age
19:47 Wheelbarrow
24:59 Man-at-Arms
25:24 Gambesons
28:55 Heavy Plow
29:22 Bow Saw
30:46 Heated Shot
38:15 Imperial Age
39:48 Cavalier
42:45 Chemistry
42:58 Crop Rotation
44:07 Coinage
45:57 Two-Man Saw
45:12 Stone Mining
45:12 Gold Mining
45:16 Pikeman
46:07 Town Watch
50:17 Capped Ram
50:24 Heavy Scorpion
61:41 Bombard Tower
61:53 Bloodlines
64:52 Paladin
67:38 Paladin
Purplejbaked
9:21 Loom
11:22 Feudal Age
14:22 Double-Bit Axe
17:54 Forging
17:45 Scale Mail Armor
20:46 Scale Barding Armor
26:00 Castle Age
25:27 Man-at-Arms
26:03 Fletching
30:54 Iron Casting
31:04 Gambesons
31:20 Squires
31:35 Caravan
31:47 Gold Mining
31:54 Horse Collar
34:22 Chain Mail Armor
37:28 Chain Barding Armor
37:10 Padded Archer Armor
38:44 Thumb Ring
40:33 Wheelbarrow
40:04 Bodkin Arrow
40:25 Leather Archer Armor
41:15 Stone Mining
42:05 Gold Shaft Mining
45:57 Imperial Age
44:15 Bloodlines
45:01 Pikeman
47:21 Plate Mail Armor
46:52 Bracer
47:22 Ring Archer Armor
46:30 Cranequins
46:55 Heavy Mounted Crossbowman
47:58 Husbandry
48:21 Treadmill Crane
48:36 Murder Holes
49:04 Masonry
49:51 Bow Saw
49:43 Elite Hearth Troop
50:44 Conscription
50:58 Conscription
50:39 Cavalier
54:55 Architecture
54:38 Fortified Wall
56:04 Halberdier
61:37 Hoardings
Rinidexuema
0:42 Loom
13:20 Feudal Age
15:18 Horse Collar
15:26 Double-Bit Axe
17:09 Gold Mining
20:59 Castle Age
ZZL
14:00 Feudal Age
14:42 Horse Collar
14:49 Double-Bit Axe
17:31 Gold Mining
17:32 Stone Mining
19:16 Wheelbarrow
22:42 Castle Age
23:37 Bow Saw
23:29 Heavy Plow
23:13 Pikeman
24:10 Town Watch
27:45 Hand Cart
28:29 Loom
31:16 Imperial Age
36:22 Stone Shaft Mining
37:52 Fortified Wall
38:43 Chemistry
39:26 Two-Man Saw
39:58 Ballistics
40:46 Squires
40:15 Elite Conquistador
42:11 Town Patrol
43:32 Masonry
44:37 Elite Skirmisher
45:47 Halberdier
46:13 Arson
50:50 Padded Archer Armor
50:41 Fletching
50:52 Scale Mail Armor
50:59 Scale Barding Armor
57:47 Chain Mail Armor
57:43 Forging
57:48 Leather Archer Armor
57:29 Bodkin Arrow
57:54 Chain Barding Armor
57:49 Onager
59:33 Architecture
60:46 Murder Holes
mau.mnry
10:36 Feudal Age
10:15 Loom
16:11 Castle Age
15:03 Double-Bit Axe
19:49 Man-at-Arms
21:14 Bow Saw
22:49 Forging
22:30 Long Swordsman
23:47 Scale Mail Armor
24:45 Gold Mining
25:45 Chain Mail Armor
26:42 Iron Casting
28:34 Pikeman
31:58 Arson
32:13 Squires
40:09 Fishing Lines
41:08 Wheelbarrow
43:04 Imperial Age
40:24 Town Watch
42:41 Town Patrol
42:58 Hand Cart
42:51 Padded Archer Armor
42:41 Fletching
43:15 Ballistics
43:07 Fortified Wall
43:09 Stone Mining
43:54 Gold Shaft Mining
43:54 Gillnets
44:35 Horse Collar
47:27 Stone Shaft Mining
46:57 Elite Mangudai
48:04 Conscription
49:11 Nomads
52:15 Leather Archer Armor
51:56 Bodkin Arrow
52:22 Guard Tower
55:33 Bracer
56:36 Chemistry
55:44 Siege Engineers
61:46 Drill
joseabrojo
0:32 Loom
13:04 Feudal Age
17:45 Castle Age
15:57 Scale Mail Armor
16:01 Double-Bit Axe
16:50 Forging
17:07 Gold Mining
18:54 Wheelbarrow
19:04 Squires
19:45 Iron Casting
23:37 Bow Saw
24:17 Eagle Warrior
25:00 Horse Collar
26:56 Heavy Plow
27:53 Hand Cart
27:23 Fishing Lines
28:12 Chain Mail Armor
29:05 Town Watch
34:03 Imperial Age
33:01 Stone Mining
33:24 Caravan
34:28 Town Patrol
35:52 Plate Mail Armor
36:23 Blast Furnace
35:08 Treadmill Crane
36:07 Fervor
35:37 Elite Eagle Warrior
37:00 Fletching
37:12 Padded Archer Armor
37:34 Ballistics
37:25 Elite Skirmisher
38:28 Conscription
38:12 Hul'che Javelineers
38:52 Crop Rotation
39:47 Two-Man Saw
39:52 Bodkin Arrow
40:13 Leather Archer Armor
41:54 Chemistry
41:06 Masonry
41:31 Thumb Ring
44:00 Holcans
45:09 Ring Archer Armor
45:51 Elite Plumed Archer
46:45 Bracer
50:31 Pikeman
55:12 Crossbowman
56:48 Arbalester
58:04 Architecture
57:55 Shipwright
57:52 Fortified Wall
Capivara1307
11:26 Feudal Age
11:55 Horse Collar
12:12 Double-Bit Axe
13:27 Gold Mining
14:48 Stone Mining
15:41 Wheelbarrow
22:35 Castle Age
20:27 Loom
20:32 Town Watch
21:58 Man-at-Arms
22:55 Forging
22:46 Scale Mail Armor
22:51 Scale Barding Armor
22:37 Fletching
23:49 Thumb Ring
23:04 Crossbowman
25:36 Bow Saw
25:32 Heavy Plow
25:51 Husbandry
28:49 Gold Shaft Mining
28:15 Long Swordsman
30:40 Hand Cart
31:16 Caravan
31:35 Eupseong
32:45 Stone Shaft Mining
33:34 Heated Shot
33:41 Murder Holes
35:44 Iron Casting
35:25 Chain Mail Armor
35:30 Chain Barding Armor
40:30 Imperial Age
38:04 Town Patrol
40:16 Medium Warships
40:42 Squires
40:28 Arson
41:48 Plate Mail Armor
42:07 Heavy Warships
41:11 Capped Ram
42:27 Conscription
43:12 Elite Turtle Ship
48:30 Chemistry
47:51 Ballistics
47:57 Shipwright
47:50 Careening
47:22 Treadmill Crane
47:51 Siphons
47:48 Cavalier
47:54 Two-Handed Swordsman
50:04 Clinker Construction
50:44 Heavy Rocket Cart
52:08 Bodkin Arrow
51:38 Elite Fire Lancer
54:35 Elite Cannon Galleon
55:51 Dry Dock
55:51 Carvel Hull
55:43 Incendiaries
64:41 Elite War Wagon
64:46 Heavy Cavalry Archer
65:02 Champion
66:27 Shinkichon
decs0793
12:51 Feudal Age
12:57 Feudal Age
21:11 Castle Age
20:50 Horse Collar
21:05 Gold Mining
21:07 Stone Mining
21:15 Stone Mining
26:24 Gold Shaft Mining
26:34 Double-Bit Axe
26:25 Pikeman
28:20 Bow Saw
29:45 Squires
33:21 Wheelbarrow
40:52 Imperial Age
38:56 Elite Skirmisher
41:06 Heavy Plow
41:30 Ballistics
41:21 Masonry
41:53 Caravan
42:35 Conscription
42:11 Loom
42:42 Hand Cart
44:30 Elite Tarkan
45:19 Marauders
44:47 Cavalier
45:28 Husbandry
48:48 Medium Warships
48:21 Fishing Lines
48:03 Demolition Ship
49:59 Chemistry
48:57 Murder Holes
50:14 Heavy Cavalry Archer
51:19 Parthian Tactics
51:03 Heavy Demolition Ship
52:10 Heavy Warships
52:17 Padded Archer Armor
52:08 Fletching
52:29 Forging
52:19 Scale Mail Armor
52:24 Scale Barding Armor
53:03 Paladin
58:56 Gillnets
61:01 Iron Casting
60:42 Chain Mail Armor
60:47 Chain Barding Armor
60:43 Leather Archer Armor
60:23 Bodkin Arrow
61:58 Town Watch
62:02 Arson
61:38 Halberdier
62:41 Careening
62:41 Clinker Construction
63:41 Blast Furnace
67:28 Bracer
67:58 Carvel Hull
67:59 Dry Dock
70:09 Plate Barding Armor
Connection lost

Rejoining the realm…

Still unreachable

The connection could not be restored.

Session expired

The server has moved on; the page needs a fresh start.